Unix NetHack Version 3.7.0-101 Work-in-progress - last build Mar 4 2024 02:26:32 (3c4ac04b664b9ee0831c739617f054b5b60dbfd1,branch:master). Game began 2024-03-05 19:37:51, ended 2024-03-07 20:12:13. spontiff, neutral male gnomish Healer --------- ------ |........----.....- --.. +..{...|......--.... ---.... - ---..- |.....-------- ..... -----.......... |.| .......- --|--.| .... |..--.h......k...------..- -.......... |.| .... |.......G..x@-..............----....{.....- |.| ((.- -|.. |-.. .......id.....--.--..................+ -----.| |((( .-.- |. ................-... ....-..|.........-- --.......| ---- ...... |..--....%..........- |...-...|-...---.-- |...----------- ---...... ---..........-.....-.-..--.... -|- |...|)*?*.`.`*| |........-|.......................|..... .. --..|..`..=...| |....{.........@##-....e......|...---.... !(% --..--|--------..|-......e.........- ##.-"*.-..|..........| ----- |................--........)...".... # |).#-.-- ....|....| -+--........--|-.....-|---.......... |.|#+ ...----..| ---..-+---.. ---..|..--...-..+..| ---|--- --- --- |.-- |.. ---|....-.**-.-.. |....(| -.- -.- |....>|#*** |.._..| .. .. ------- *# |.....| ---- --- ------- Spontiff the Rhizotomist St:9 Dx:9 Co:14 In:12 Wi:16 Ch:16 Neutral S:300 Dlvl:6 $:2 HP:0(29) Pw:7(7) AC:-5 Xp:1/0 T:3867 Latest messages: You miss the gecko. The gnome zombie hits! The grid bug misses! The gecko just misses! The gecko misses! The gnome zombie hits! The kobold lady swings her thonged club. The kobold lady hits! The homunculus just misses! The gecko misses! The little dog bites the yellow mold. The yellow mold is killed! The homunculus bites! You hear some noises. The little dog misses it. What do you want to use or apply? [kostJMNS or ?*] s In what direction? j You hear nothing special. The little dog misses the homunculus. The homunculus bites! You are put to sleep by the homunculus! The little dog misses the homunculus. The homunculus bites! The little dog misses the homunculus. The homunculus misses! The little dog misses the homunculus. The little dog misses the homunculus. The kobold lady swings her thonged club. The kobold lady misses! The grid bug bites! You avoid harm. The homunculus bites! The little dog misses the homunculus. The little dog misses the homunculus. The kobold lady swings her thonged club. The kobold lady hits! The grid bug misses! The homunculus bites! The little dog misses the homunculus. The kobold lady swings her thonged club. The kobold lady misses! The grid bug bites! You get zapped! The homunculus bites! The little dog misses the homunculus. The kobold lady swings her thonged club. The kobold lady hits! You die... Do you want your possessions identified? [ynq] (y) y Do you want to see the dungeon overview? [ynq] (y) q Inventory: Coins $ - 2 gold pieces Weapons i - 49 uncursed greased +0 darts W - 2 uncursed +0 darts j - an uncursed +0 elven dagger Armor h - an uncursed +0 dwarvish iron helm (being worn) g - an uncursed +1 pair of leather gloves (being worn) v - an uncursed +0 pair of iron shoes (being worn) q - an uncursed +0 dwarvish cloak (being worn) d - an uncursed +0 leather armor (being worn) Comestibles y - an uncursed apple n - 2 uncursed food rations Scrolls I - an uncursed scroll of identify Potions c - an uncursed potion of extra healing a - 2 cursed diluted potions of healing Rings R - an uncursed ring of teleport control Wands M - an uncursed wand of digging (0:6) S - an uncursed wand of sleep (0:6) N - an uncursed wand of striking (0:4) Tools J - a cursed magic flute (0:3) t - an uncursed blindfold k - an uncursed skeleton key s - an uncursed stethoscope o - an uncursed tin whistle Gems/Stones E - an uncursed worthless piece of blue glass e - a cursed worthless piece of red glass m - 3 uncursed worthless pieces of yellow glass Spontiff the Healer's attributes: Background: You were a Rhizotomist, a level 1 male gnomish Healer. You were neutral, on a mission for Hermes who was opposed by Athena (lawful) and Poseidon (chaotic). You were right-handed. You were in the Gnomish Mines, on level 6. You entered the dungeon 3867 turns ago. You had 0 experience points, 20 were needed to attain level 2. Your score was 300 before end-of-game adjustments. Basics: You had 0 out of 29 hit points. You had all 7 energy points (spell power). Your armor class was -5. Your wallet contained 2 zorkmids. Autopickup was on for '$!/="?' plus thrown, with exceptions. Final Characteristics: Your strength was 9 (limit:18/50). Your dexterity was 9 (peak:10, limit:18). Your constitution was 14 (limit:18). Your intelligence was 12 (limit:19). Your wisdom was 16 (limit:18). Your charisma was 16 (limit:18). Final Status: You weren't hungry. You were unencumbered. You were empty handed. You were unskilled in bare handed combat. Final Attributes: You were piously aligned. Your items were somewhat protected from fire. Your items were somewhat protected from cold. You were poison resistant. You had infravision. You had a moderate defense bonus (+7). You were warded. You are dead. Miscellaneous: You never encountered a bones level. Total elapsed playing time was 2 hours, 18 minutes and 53 seconds. Major events: Turn 1: spontiff the neutral male gnomish Healer entered the dungeon 1467: entered the Gnomish Mines 2463: reached Mine Town 3867: killed by a kobold lady, while sleeping Vanquished creatures: 3 gnome leaders 3 dwarves 2 homunculi an orc zombie an iguana 4 coyotes a gas spore 5 hobbits 2 hobgoblins a giant rat 3 cave spiders a yellow mold 7 gnomes a gnome zombie 2 geckos 7 jackals a fox 2 kobolds 4 goblins 5 sewer rats 12 grid bugs 5 lichens 5 kobold zombies 13 newts 91 creatures vanquished. No species were genocided or became extinct. Voluntary challenges: You never hit with a wielded weapon. You were a pacifist. You read items or engraved 9 times. You engraved Elbereth 5 times. You never genocided any monsters. You never polymorphed an object. You never changed form. You used no wishes. Achievements: You entered a shop. You entered the Gnomish Mines. You entered Minetown. You entered a temple. The Dungeons of Doom: levels 1 to 3 Level 1: "Stashlet" An altar. Level 2: Stairs down to The Gnomish Mines. Level 3: The Gnomish Mines: levels 3 to 7 Level 3: Level 4: Level 5: Level 6: <- You were here. A temple and an altar to Hermes, many fountains. Final resting place for you, killed by a kobold lady, while sleeping. Level 7: Game over: ---------- / \ / REST \ / IN \ / PEACE \ / \ | spontiff | | 2 Au | | killed by a | | kobold lady | | | | | | 2024 | *| * * * | * _________)/\\_//(\/(/\)/\//\/|_)_______ Goodbye spontiff the Healer... You died in The Gnomish Mines on dungeon level 6 with 300 points, and 2 pieces of gold, after 3867 moves. You were level 1 with a maximum of 29 hit points when you died.